 Dungeon Crawl Stone Soup version 0.28-a0-595-g9f6c0e134a (webtiles) character file.

Game seed: 15685668515372221415

2933 iamoutofideas the Thaumaturge (level 9, -6/47 HPs)
             Began as a Deep Elf Fire Elementalist on Oct 5, 2021.
             Was a Priest of Vehumet.
             Shot with a sling bullet by Joseph (12 damage)
             ... on level 7 of the Dungeon.
             The game lasted 00:20:18 (11299 turns).

iamoutofideas the Thaumaturge (DEFE)               Turns: 11299, Time: 00:20:19

Health: -6/47      AC:  5    Str:  5    XL:     9   Next: 50%
Magic:  35/35      EV: 12    Int: 24    God:    Vehumet [***...]
Gold:   344        SH:  0    Dex: 15    Spells: 10/30 levels left

rFire   . . .      SeeInvis .   i - +3 dagger (venom)
rCold   + . .      Faith    .   (no shield)
rNeg    . . .      Spirit   .   u - +0 leather armour {rC+}
rPois   .          Reflect  .   f - +0 helmet
rElec   .          Harm     .   x - +0 cloak
rCorr   .          Rampage  .   (no gloves)
Will    .....                   (no boots)
Stlth   ++........              (no amulet)
HPRegen 0.15/turn               d - +4 ring of slaying
MPRegen 0.24/turn               h - ring of magical power

@: no status effects
A: no striking features
a: Renounce Religion


You were on level 7 of the Dungeon.
You worshipped Vehumet.
Vehumet was most pleased with you.
You visited 1 branch of the dungeon, and saw 7 of its levels.
You also visited: Sewer.

You collected 344 gold pieces.

Inventory:

Hand Weapons
 b - a +1 dagger of venom
 e - a +1 dagger of draining
 i - a +3 dagger of venom (weapon)
Missiles
 w - 203 stones
Armour
 a - a +0 robe
 f - a +0 helmet (worn)
 k - a +0 pair of gloves
 s - a +0 buckler
 u - a +0 leather armour of cold resistance (worn)
 x - a +0 cloak (worn)
Jewellery
 d - a +4 ring of slaying (left hand)
 h - a ring of magical power (right hand)
 B - a +4 ring of evasion
Wands
 y - a wand of iceblast (1)
 A - a wand of flame (14)
Scrolls
 g - a scroll of brand weapon
 o - a scroll of blinking
 p - a scroll of magic mapping
 z - 2 scrolls of enchant armour {unknown}
Potions
 c - a potion of flight
 j - a potion of attraction
 m - a potion of lignification
 n - 2 potions of resistance
 q - a potion of ambrosia
 r - 2 potions of haste
 t - a potion of brilliance
 v - a potion of berserk rage {unknown}


   Skills:
 + Level 1.3 Fighting
 - Level 0.1 Short Blades
 + Level 3.2 Armour
 + Level 3.6 Dodging
 - Level 2.4 Stealth
 + Level 11.1 Spellcasting
 + Level 6.5 Conjurations
 + Level 8.0 Fire Magic


You had 10 spell levels left.
You knew the following spells:

 Your Spells              Type           Power      Damage    Failure   Level
a - Foxfire               Conj/Fire      100%       2x1d9     1%          1
b - Scorch                Fire           100%       2d10      1%          2
c - Flame Wave            Conj/Fire      48%        3d9       1%          4
d - Conjure Flame         Conj/Fire      48%        6-21      1%          3
e - Sandblast             Erth           26%        2d8       2%          1
f - Orb of Destruction    Conj           22%        9d9       69%         7
g - Corpse Rot            Necr/Air       N/A        N/A       12%         2

Your spell library contained the following spells:

 Spells                   Type           Power      Damage    Failure   Level
 Searing Ray              Conj           88%        2d7       1%          2
 Inner Flame              Hex/Fire       32%        N/A       1%          3
 Poisonous Vapours        Pois/Air       26%        N/A       3%          2
 Summon Guardian Golem    Hex/Summ       13%        N/A       22%         3
 Alistair's Intoxication  Tmut/Pois      8%         N/A       91%         5
 Borgnjor's Vile Clutch   Necr/Erth      6%         N/A       91%         5
 Eringya's Noxious Bog    Tmut/Pois      6%         N/A       94%         6
 Spellforged Servitor     Conj/Summ      14%        N/A       98%         7
 Summon Cactus Giant      Summ           6%         N/A       100%        6


Dungeon Overview and Level Annotations

Branches:
Dungeon (7/15)             Temple (0/1) D:7           Sewer (visited)

Altars:
Ashenzari
Cheibriados
Ru
Vehumet
Zin

Shops:
D:4 *   D:6 **   D:7 =

Annotations:
D:6 exclusion: 2 downstairs
D:7 Joseph


Message History

Crazy Yiuf smothers the flame.
Casting: Conjure Flame (safe; 1% risk of failure)
Confirm with . or Enter, or press ? or * to list all spells.
Flames lash Crazy Yiuf.
Crazy Yiuf is heavily wounded.
Crazy Yiuf's fire resistance burns away.
Crazy Yiuf closely misses you.
Crazy Yiuf says, "Snower!
Ten sizzlefizz sing."
Casting: Scorch (safe; 1% risk of failure)
Confirm with . or Enter, or press ? or * to list all spells.
Casting: Flame Wave (dangerous; 1% risk of failure)
Press: ? - help, Dir - look around, f - activate A wave of flame ripples out!
The flame wave engulfs Crazy Yiuf!!
Crazy Yiuf is burned terribly!
You kill Crazy Yiuf!
Vehumet accepts your kill.
You feel your power returning. (Press . to intensify the flame waves.)
Things that are here:
a +3 quarterstaff of chaos; a +0 cloak; the gnoll corpse of Crazy Yiuf
Okay, then.
Memorise Corpse Rot, consuming 2 spell levels and leaving 10?
You start memorising the spell.
You continue memorising. x2
You finish memorising.
Spell assigned to 'g'.
Okay, then.
You start resting.
Magic restored.
Okay, then.
As you open the large door, it creaks loudly!
There is a large open door here.
There is a large open door here.
Joseph shoots a sling bullet.
The sling bullet closely misses you.
Joseph shoots a sling bullet.
The sling bullet hits you!
Joseph shoots a sling bullet.
The sling bullet barely misses you.
Okay, then.
Joseph shoots a sling bullet.
The sling bullet hits you!
Joseph shoots a sling bullet.
The sling bullet hits you!!
* * * LOW HITPOINT WARNING * * *
Joseph shoots a sling bullet.
The sling bullet hits you!
You die...

#....###.......##
.....#........#
.....>........# #.
.........#...# .# #.
.......<..#...# ... ...
#.#####'#....#...# #.#
#.##.......#....#...# #.#
#@...........####...###.#
.#.......@......##.....#.#
..............#.##.....#.#
................##.)...#.#
.#...........##.........[
#...........##..)....)[.
..............##....###...
.....#####'.....).........
..... #'....)[..>......
.... ##....<..........


You could see Joseph.

Vanquished Creatures
  Pikel (D:6)
  Purgy (Sewer)
  A sky beast (D:6)
  An ice beast (D:6)
  A black bear (D:6)
  A necrophage (D:5)
  A centaur (D:5)
  4 phantoms
  A bullfrog (D:7)
  2 scorpions
  A wyvern skeleton (D:6)
  A water moccasin skeleton (D:6)
  4 killer bees (D:5)
  2 orc priests
  Crazy Yiuf (D:7)
  2 jellies (D:5)
  A centaur skeleton (D:4)
  2 gnoll shamans
  Ijyb (D:5)
  4 iguanas
  Natasha (thrice) (D:2)
  7 orc wizards
  A scorpion zombie (D:5)
  A killer bee zombie (D:6)
  Robin (D:2)
  16 adders
  16 gnolls
  A white imp (D:5)
  An ufetubus (D:4)
  3 worms
  5 dart slugs
  27 orcs
  5 endoplasms
  7 giant cockroaches
  14 hobgoblins
  4 jackals
  5 quokkas
  5 ball pythons
  9 bats
  3 frilled lizards (D:1)
  13 goblins
  16 kobolds
  8 rats
204 creatures vanquished.

Vanquished Creatures (others)
  584 foxfires
584 creatures vanquished.

Grand Total: 788 creatures vanquished

Notes
Turn   | Place    | Note
-------+----------+-------------------------------------------
     0 | D:1      | iamoutofideas the Deep Elf Fire Elementalist began the
                  | quest for the Orb.
     0 | D:1      | Reached XP level 1. HP: 10/10 MP: 6/6
   273 | D:1      | Reached XP level 2. HP: 15/15 MP: 3/8
   426 | D:1      | Reached skill level 4 in Spellcasting
  1122 | D:2      | Reached XP level 3. HP: 19/19 MP: 8/10
  1122 | D:2      | Noticed Robin
  1168 | D:2      | Killed Robin
  1533 | D:2      | Reached XP level 4. HP: 24/24 MP: 7/12
  1736 | D:2      | Noticed Natasha
  1746 | D:2      | Killed Natasha
  1747 | D:2      | Reached skill level 5 in Spellcasting
  2164 | D:2      | Noticed Natasha
  2172 | D:2      | Killed Natasha
  2173 | D:2      | Reached XP level 5. HP: 22/28 MP: 8/14
  2389 | D:2      | Noticed Natasha
  2399 | D:2      | Killed Natasha
  2579 | D:2      | Learned a level 2 spell: Scorch
  2584 | D:2      | Learned a level 4 spell: Flame Wave
  2588 | D:2      | Learned a level 3 spell: Conjure Flame
  3139 | D:3      | Reached skill level 6 in Spellcasting
  3737 | D:3      | Found a radiant altar of Vehumet.
  3755 | D:3      | Became a worshipper of Vehumet
  3910 | D:4      | Reached XP level 6. HP: 29/32 MP: 17/17
  3990 | D:4      | Found a glowing drain.
  4181 | Sewer    | Entered a sewer
  4341 | Sewer    | Noticed Purgy
  4355 | Sewer    | Killed Purgy
  4356 | Sewer    | Reached skill level 5 in Fire Magic
  4659 | D:4      | Reached skill level 7 in Spellcasting
  4813 | D:4      | Reached * piety under Vehumet
  4813 | D:4      | Offered knowledge of Sandblast by Vehumet.
  4814 | D:4      | Found a sacrificial altar of Ru.
  4897 | D:4      | Reached XP level 7. HP: 33/36 MP: 19/19
  5241 | D:4      | Learned a level 1 spell: Sandblast
  5249 | D:4      | Learned a level 7 spell: Orb of Destruction
  5377 | D:4      | Found Zin's Purification Station.
  5381 | D:4      | Found a glowing silver altar of Zin.
  5502 | D:4      | Found a snail-covered altar of Cheibriados.
  5548 | D:5      | Entered Level 5 of the Dungeon
  5597 | D:5      | Noticed Ijyb
  5607 | D:5      | Killed Ijyb
  5762 | D:5      | Reached skill level 8 in Spellcasting
  6317 | D:6      | Reached skill level 1 in Armour
  6367 | D:6      | Reached ** piety under Vehumet
  6373 | D:6      | Offered knowledge of Shock by Vehumet.
  6406 | D:6      | Reached XP level 8. HP: 26/42 MP: 22/22
  6726 | D:6      | Reached skill level 9 in Spellcasting
  7177 | D:6      | Found Gorozef's Specific Store.
  7178 | D:6      | Found Vezan's General Store.
  7431 | D:6      | Reached skill level 5 in Conjurations
  7818 | D:6      | Noticed Pikel
  7832 | D:6      | HP: 2/42 [Pikel (4)]
  7839 | D:6      | Killed Pikel
  7840 | D:6      | Reached skill level 1 in Fighting
  7840 | D:6      | Reached skill level 10 in Spellcasting
  7840 | D:6      | Reached XP level 9. HP: 2/47 MP: 16/25
  8749 | D:7      | Noticed Joseph
  8750 | D:7      | Found a staircase to the Ecumenical Temple.
  9654 | D:5      | Found a broken altar of Ashenzari.
  9973 | D:5      | Offered knowledge of Searing Ray by Vehumet.
 10559 | D:7      | Reached *** piety under Vehumet
 10737 | D:7      | Reached skill level 11 in Spellcasting
 10879 | D:7      | Found Qeujiq's Jewellery Shoppe.
 10901 | D:7      | Found a runed translucent door.
 10902 | D:7      | Noticed Crazy Yiuf
 11251 | D:7      | Killed Crazy Yiuf
 11270 | D:7      | Learned a level 2 spell: Corpse Rot
 11299 | D:7      | Shot with a sling bullet by Joseph

Illustrated notes

Levels and vault maps discovered:
D:1:      sevenhm_arrival_forest_fort_small_3, layout_loops_ring,
          minmay_misc_feat_tower, minmay_misc_feat_secret_circle,
          chequers_serial_rivers_small_3
D:2:      layout_basic, kennysheep_decorative_pillar, st_stairs_2,
          minmay_misc_feat_ornament, hangedman_decor_push, minmay_box_of_dots,
          uniq_robin, uniq_natasha
D:3:      minmay_wonky_spiral, layout_basic, mainiacjoe_overflow_catwalk
D:4:      layout_loops_ring, kennysheep_slug_shrine,
          nicolae_ru_sacrificial_ziggurat, zin_purify, gup_sewer_entry_glass,
          minmay_bent
D:5:      layout_basic, evilmike_ruin_ashenzari, uniq_ijyb
D:6:      layout_loops_corners, chequers_serial_rivers_room_a,
          nicolae_specific_store, corexii_shack, uniq_pikel
D:7:      minmay_general_purpose_star, layout_basic, nicolae_uskayaw_en_pointe,
          elyvilon_altar_5, minmay_temple_entry_junction_2, serial_shops,
          nicolae_shop_behind_doors, uniq_maggie, uniq_crazy_yiuf_cottage,
          uniq_joseph

Skill      XL: |  1  2  3  4  5  6  7  8  9 |
---------------+----------------------------+-----
Spellcasting   | 4 5 6 7 8 10 11 | 11.1
Fire Magic     | 4 5 6 7 8 |  8.0
Conjurations   | 2 3 4 5 6 |  6.5
Dodging        | 3 |  3.6
Armour         | 1 2 3 |  3.2
Fighting       | 1 |  1.3
Short Blades   | |  0.1
Stealth        | |  2.4

Action                   |  1- 3 |  4- 6 |  7- 9 || total
-------------------------+-------+-------+-------++-------
Melee: Dagger            |    13 |     3 |    25 ||    41
 Cast: Foxfire           |    56 |   179 |   158 ||   393
       Scorch            |       |     8 |    30 ||    38
       Conjure Flame     |       |     3 |    10 ||    13
       Flame Wave        |       |       |    16 ||    16
  Use: Potion            |     2 |       |     4 ||     6
       Scroll            |     1 |     2 |     8 ||    11
 Stab: Sleeping          |       |       |     1 ||     1
Armor: Robe              |     7 |    19 |       ||    26
       Leather armour    |       |     1 |    35 ||    36
Dodge: Dodged            |    48 |    47 |    93 ||   188

Table legend: (Time is in decaauts)
 A = Elapsed time spent in this place.
 B = Non-inter-level travel time spent in this place.
 C = Inter-level travel time spent in this place.
 D = Time resting spent in this place.
 E = Time spent auto-exploring this place.
 F = Levels seen in this place.
 G = Mean time per level.
                   A        B        C        D        E       F      G
               +--------+--------+--------+--------+--------+-----+--------+
         Total |  11309 |  11003 |    306 |   3125 |   5889 |   8 | 1413.6 |
       Dungeon |  10917 |  10611 |    306 |   2875 |   5844 |   7 | 1559.6 |
         Sewer |    391 |    391 |      0 |    250 |     45 |   1 |  391.0 |
               +--------+--------+--------+--------+--------+-----+--------+

Top non-repeatable levels by time:
     D:6: 2937 daAuts
     D:2: 1707 daAuts
     D:5: 1691 daAuts
     D:4: 1543 daAuts
     D:3: 1096 daAuts
     D:1: 1082 daAuts
     D:7: 857 daAuts
   Sewer: 391 daAuts
